 Dungeon Crawl Stone Soup version 0.28.0-53-g5a82cb258f (webtiles) character file.

Game seed: 15132483047144846156

24 Sin92 the Conjurer (level 2, -1/19 HPs)
             Began as a Demonspawn Conjurer on July 1, 2022.
             Slain by a jackal (2 damage)
             ... on level 1 of the Dungeon.
             The game lasted 00:03:16 (773 turns).

Sin92 the Conjurer (Demonspawn Conjurer)             Turns: 773, Time: 00:03:17

Health: -1/19      AC:  5    Str:  7    XL:     2   Next: 79%
Magic:  0/5        EV: 11    Int: 19    God:
Gold:   56         SH:  0    Dex: 11    Spells: 4/5 levels left

rFire   . . .      SeeInvis .   j - +0 club
rCold   . . .      Faith    .   (no shield)
rNeg    . . .      Spirit   .   c - +0 leather armour
rPois   .          Reflect  .   k - +2 hat
rElec   .          Harm     .   d - scarf {+Inv}
rCorr   .          Rampage  .   (no gloves)
Will    .....                   (no boots)
Stlth   ++........              (no amulet)
HPRegen 0.06/turn               (no ring)
MPRegen 0.09/turn               (no ring)

@: no status effects
A: powered by pain 1
a: Evoke Invisibility


You were on level 1 of the Dungeon.
You visited 1 branch of the dungeon, and saw 2 of its levels.

You collected 56 gold pieces.

Inventory:

Hand Weapons
 j - a +0 club (weapon)
Missiles
 b - 3 javelins
Armour
 a - a +0 robe
 c - a +0 leather armour (worn)
 d - a scarf of invisibility (worn)
 k - a +2 hat (worn)
Scrolls
 f - a scroll of fear {unknown}
 h - a scroll of amnesia {unknown}
Potions
 e - a potion of curing {unknown}
 g - 2 potions of resistance {unknown}
 i - a potion of brilliance {unknown}


   Skills:
 + Level 0.1 Fighting
 + Level 0.1 Maces & Flails
 + Level 0.7 Armour
 + Level 2.0 Dodging
 + Level 2.1 Stealth
 + Level 2.2 Spellcasting
 + Level 4.1 Conjurations


You had 4 spell levels left.
You knew the following spells:

 Your Spells              Type           Power      Damage    Failure   Level
a - Magic Dart            Conj           68%        1d6       4%          1

Your spell library contained the following spells:

 Spells                   Type           Power      Damage    Failure   Level
 Searing Ray              Conj           34%        2d5       7%          2
 Dazzling Flash           Conj/Hex       20%        N/A       30%         3
 Fulminant Prism          Conj/Hex       5%         3d7       71%         4
 Iskenderun's Mystic Bla  Conj/Tloc      10%        2d4       71%         4


Dungeon Overview and Level Annotations

Branches:
Dungeon (2/15)

Altars:


Innate Abilities, Weirdness & Mutations

You sometimes gain a little power by taking damage.


Message History

The jackal bites you but does no damage.
The jackal bites you.
You miss the jackal.
The jackal is severely wounded.
The jackal closely misses you. x2
You hit the jackal.
The jackal is almost dead.
The jackal bites you but does no damage. x2
You hit the jackal but do no damage.
The jackal is almost dead.
The jackal barely misses you. The jackal misses you.
You hit the jackal but do no damage.
The jackal is almost dead.
The jackal bites you.
* * * LOW HITPOINT WARNING * * *
You barely miss the jackal.
The jackal is almost dead.
The jackal bites you but does no damage. x2
You hit the jackal but do no damage.
The jackal is almost dead.
The jackal closely misses you. The jackal bites you.
* * * LOW HITPOINT WARNING * * *
You closely miss the jackal.
The jackal is almost dead.
The jackal misses you.
The jackal bites you but does no damage.
Unknown command.
Aiming: Magic Dart (safe; 4% risk of failure)
Press: ? - help, Q - select action, (/) - cycle Shift-Dir - straight line, f/p - jackal
Aim: a jackal (almost dead, 100% to hit)
The magic dart hits the jackal but does no damage.
The jackal is almost dead.
The jackal bites you.
* * * LOW HITPOINT WARNING * * *
You don't have enough magic to cast this spell.
You don't have enough magic to cast this spell.
You miss the jackal.
The jackal is almost dead.
The jackal bites you.
You die...

#.# #.# #.# ####.#
#.# #..... ### #.#
#..... ..# #.#
#..... #.####
.######.# #.....
...... ....h.†h#
#..... ..###### #h#
#..... .......#
#@#######. #....P
#.###..# #.........
###... #.#
#.######## #.... #.#
#.# #...P ..# #.#
#.... ###
##.#############...
#..................
##
##.#########.#######
.# # ###...#### #.#
#


You could see 2 jackals.

Vanquished Creatures
  An adder (D:2)
  A dart slug (D:1)
  An endoplasm (D:1)
  4 goblins (D:1)
  A hobgoblin (D:1)
  2 jackals (D:1)
  2 ball pythons (D:1)
  A frilled lizard (D:1)
13 creatures vanquished.

Notes
Turn   | Place    | Note
-------+----------+-------------------------------------------
     0 | D:1      | Sin92 the Demonspawn Conjurer began the quest for the Orb.
     0 | D:1      | Reached XP level 1. HP: 13/13 MP: 3/3
   281 | D:1      | You fall into a shaft and drop 1 floor!
   300 | D:2      | Gained mutation: You sometimes gain a little power by
                  | taking damage. [demonic ancestry]
   300 | D:2      | Reached XP level 2. HP: 19/19 MP: 0/5
   773 | D:1      | Slain by a jackal

Illustrated notes

Levels and vault maps discovered:
D:1:      minmay_arrival_floating_metal, layout_loops_ring,
          minmay_misc_feat_plants
D:2:      layout_rooms, hellmonk_ecumenical_altar_pennies_from_heaven

Skill      XL: |  1 |
---------------+----+-----
Dodging        | 2 |  2.0
Stealth        | 2 |  2.1
Fighting       | |  0.1
Maces & Flails | |  0.1
Armour         | |  0.7
Spellcasting   | |  2.2
Conjurations   | |  4.1

Action                   || total
-------------------------++-------
Melee: Club              ||    42
       Punch             ||     1
 Cast: Magic Dart        ||    28
Armor: Leather armour    ||    26
Dodge: Dodged            ||    29
